 Dungeon Sprint DCSS version 0.22.1-1-ga44c0e56f4 (webtiles) character file.

8283 MuseOD the Unseen (level 11, -15/60 HPs)
             Began as a Spriggan Enchanter on Sept 28, 2018.
             Was the Champion of Dithmenos.
             Demolished by a seven-headed hydra (18 damage)
             ... in the Dungeon (Sprint III: "The Ten Rune Challenge").
             The game lasted 00:05:40 (1681 turns).

MuseOD the Unseen (Spriggan Enchanter)              Turns: 1681, Time: 00:05:41

Health: -15/60     AC:  2    Str:  4    XL:     11   Next: 7%
Magic:  9/27       EV: 18    Int: 21    God:    Dithmenos [******]
Gold:   17         SH:  0    Dex: 16    Spells: 18/33 levels left

rFire    . . .     SeeInvis +   a - +1 dagger
rCold    . . .     Gourm    .   (shield restricted)
rNeg     . . .     Faith    .   b - +0 robe
rPois    .         Spirit   .   (helmet restricted)
rElec    .         Reflect  .   (no cloak)
rCorr    .         Harm     .   (gloves unavailable)
MR       +....     NoTele   +   (boots unavailable)
Stlth    ++++++++++             (no amulet)
HPRegen  0.20/turn              (no ring)
MPRegen  0.20/turn              (no ring)

@: wreathed by umbra, very quick
A: very small, unfitting armour, see invisible, herbivore, speed 3, slow
metabolism 2
a: Shadow Step, Shadow Form, Renounce Religion


You were in the Dungeon.
You worshipped Dithmenos.
Dithmenos was exalted by your worship.
You were not hungry.

You visited 1 branch You collected 17 gold pieces.

Inventory:

Hand Weapons
 a - a +1 dagger (weapon)
Armour
 b - a +0 robe (worn)
Wands
 i - a wand of disintegration (15)
 p - a wand of iceblast (7)
Scrolls
 j - a scroll of blinking
 k - 2 scrolls of holy word {unknown}
 l - 3 scrolls of identify
 m - 2 scrolls of remove curse {unknown}
Potions
 c - 3 potions of mutation {unknown}
 f - a potion of heal wounds
 g - a potion of haste
 h - 2 potions of magic
 n - 3 potions of flight
 o - a potion of resistance {unknown}
 q - 2 potions of brilliance {unknown}
Comestibles
 d - 4 rations


   Skills:
 + Level 8.8 Fighting
 * Level 15.7 Short Blades
 - Level 3.1 Dodging
 + Level 15.9 Stealth
 + Level 11.6 Spellcasting
 * Level 8.4 Conjurations
 + Level 12.0 Hexes


You had 18 spell levels left.
You knew the following spells:

 Your Spells              Type           Power        Failure   Level  Hunger
a - Corona                Hex            ######.      1%          1    None
b - Ensorcelled Hibernat  Hex/Ice        #####.       1%          2    None
c - Confuse               Hex            ######..     1%          3    None
d - Dazzling Spray        Conj/Hex       ######       1%          3    None
e - Tukima's Dance        Hex            ######..     1%          3    None
f - Mephitic Cloud        Conj/Pois/Air  ###.....     5%          3    None

Your spell library contained the following spells:

 Spells                   Type           Power        Failure   Level  Hunger
 Confusing Touch          Hex            ######       1%          1    None
 Magic Dart               Conj           ####         1%          1    None
 Slow                     Hex            ######..     1%          2    None
 Conjure Flame            Conj/Fire      ####....     3%          3    None
 Animate Skeleton         Necr           N/A          5%          1    None
 Apportation              Tloc           ##....       5%          1    None
 Summon Small Mammal      Summ           ##..         5%          1    None
 Blink                    Tloc           N/A          9%          2    None
 Call Imp                 Summ           ##......     9%          2    None


Dungeon Overview and Level Annotations

Branches:
Dungeon (1/1)

Altars:
Dithmenos
Elyvilon
Kikubaaqudgha
Okawaru
Ru
Sif Muna
Trog
Uskayaw
Vehumet
Wu Jian
Yredelemnul
Zin
The Shining One
Beogh


Innate Abilities, Weirdness & Mutations

You are very small and have problems with some larger weapons.
You are too small for most types of armour.
You have supernaturally acute eyesight. (SInv)
You are a herbivore.
You cover ground extremely quickly.
You need to consume almost no food.


Message History

The seven-headed hydra bites you!
* * * LOW HITPOINT WARNING * * *
You emit a cloud of dark smoke.
The seven-headed hydra bites you!
* * * LOW HITPOINT WARNING * * *
The seven-headed hydra barely misses you.
The seven-headed hydra completely misses you.
The seven-headed hydra misses you. x2
The seven-headed hydra completely misses you.
The death drake breathes miasma at you. The foul vapour misses you.
You feel better.
The seven-headed hydra closely misses you.
The seven-headed hydra completely misses you.
The seven-headed hydra bites you!
* * * LOW HITPOINT WARNING * * *
The seven-headed hydra barely misses you.
The seven-headed hydra bites you!
* * * LOW HITPOINT WARNING * * *
The seven-headed hydra bites you!!
You die...

#.≈♣♣♣♣♣♣♣♣♣♣♣♣♣♣♣♣PP#......
#.†♣♣ ♣♣♣##'####
###'♣♣♣♣♣♣♣♣♣♣♣♣♣♣♣ #...+
♣♣♣♣†##..##≈≈;≈≈≈..# #...#
♣†..##†##.#≈≈≈≈≈...# #)..#
♣♣.##†##†##'≈§≈≈≈####+#####
♣.†#.##.†.#§§.§..§§%§
♣♣.##.##.)#§D§+####
♣♣.##.#####@§§#
♣.....##.k§§§§#
########+######


You could see a death drake, a seven-headed hydra and an electric eel
(confused).

Vanquished Creatures
  Dowan (D)
  Erolcha (D)
  A hydra (D)
  Urug (D)
  A lindwurm (D)
  A deep elf mage (D)
  Duvessa (D)
  2 spiny frogs (D)
  A komodo dragon (D)
  3 wandering mushrooms (D)
  2 tyrant leeches (D)
  5 redbacks (D)
  A shadow (D)
  A necrophage (D)
  5 two-headed ogres (D)
  A water elemental (D)
  A jelly (D)
  Jessica (D)
  A wizard (D)
  A necromancer (D)
  3 humans (D)
  A kobold demonologist (D)
  A wolf (D)
  3 rats (D)
40 creatures vanquished.

Vanquished Creatures (others)
  2 draconian scorchers (D)
  A hydra (D)
  2 yaktaurs (D)
  6 hellions (D)
  3 plants (D)
14 creatures vanquished.

Grand Total: 54 creatures vanquished

Notes
Turn   | Place    | Note
-------+----------+-------------------------------------------
     0 | D        | MuseOD the Spriggan Enchanter began the quest for the Orb.
     0 | D        | Reached XP level 1. HP: 9/9 MP: 5/5
     9 | D        | Noticed Jessica
    11 | D        | Killed Jessica
    11 | D        | Reached skill level 1 in Fighting
    11 | D        | Reached XP level 2. HP: 15/15 MP: 6/6
    18 | D        | Learned a level 2 spell: Ensorcelled Hibernation
    37 | D        | Reached skill level 5 in Short Blades
    37 | D        | Reached XP level 3. HP: 19/19 MP: 0/8
    42 | D        | Learned a level 3 spell: Confuse
   117 | D        | Killed a hellion
   148 | D        | Killed a hellion
   153 | D        | Killed a white draconian scorcher
   162 | D        | Killed a hellion
   162 | D        | Killed a hellion
   196 | D        | Killed a white draconian scorcher
   222 | D        | Killed an eight-headed hydra
   245 | D        | Killed a hellion
   281 | D        | Noticed a water elemental
   284 | D        | Killed a water elemental
   284 | D        | Reached XP level 4. HP: 24/24 MP: 9/9
   292 | D        | Found a basalt altar of Yredelemnul.
   292 | D        | Found a shadowy altar of Dithmenos.
   292 | D        | Found a sacrificial altar of Ru.
   292 | D        | Noticed a necrophage
   308 | D        | Killed a necrophage
   308 | D        | Reached skill level 5 in Hexes
   308 | D        | Reached XP level 5. HP: 28/28 MP: 1/12
   328 | D        | Became a worshipper of Dithmenos the Shadowed
   391 | D        | Found a glowing silver altar of Zin.
   391 | D        | Found a glowing golden altar of the Shining One.
   391 | D        | Found a white marble altar of Elyvilon.
   392 | D        | Noticed a deep elf mage
   394 | D        | Killed a deep elf mage
   394 | D        | Reached skill level 5 in Fighting
   394 | D        | Reached skill level 10 in Short Blades
   394 | D        | Reached XP level 6. HP: 34/34 MP: 12/16
   394 | D        | Reached XP level 7. HP: 38/38 MP: 13/18
   399 | D        | Learned a level 3 spell: Dazzling Spray
   421 | D        | Killed a hellion
   427 | D        | Found a hide-covered altar of Uskayaw.
   427 | D        | Found a roughly hewn altar of Beogh.
   427 | D        | Found an iron altar of Okawaru.
   427 | D        | Found a bloodstained altar of Trog.
   427 | D        | Found an ornate altar of the Wu Jian Council.
   427 | D        | Noticed a human
   427 | D        | Noticed a human
   435 | D        | Killed a human
   438 | D        | Killed a human
   438 | D        | Reached * piety under Dithmenos
   532 | D        | Found a radiant altar of Vehumet.
   533 | D        | Found a deep blue altar of Sif Muna.
   533 | D        | Found an ancient bone altar of Kikubaaqudgha.
   572 | D        | Killed a yaktaur
   612 | D        | Learned a level 3 spell: Tukima's Dance
   616 | D        | Learned a level 3 spell: Mephitic Cloud
   627 | D        | Noticed a shadow
   629 | D        | Killed a shadow
   629 | D        | Reached ** piety under Dithmenos
   629 | D        | Reached skill level 1 in Conjurations
   629 | D        | Reached XP level 8. HP: 43/43 MP: 20/20
   750 | D        | Reached *** piety under Dithmenos
   910 | D        | Noticed a two-headed ogre
   913 | D        | Killed a two-headed ogre
   918 | D        | Noticed a two-headed ogre
   918 | D        | Noticed Erolcha
   924 | D        | Killed Erolcha
   924 | D        | Reached XP level 9. HP: 26/49 MP: 18/23
   947 | D        | Killed a two-headed ogre
   947 | D        | Reached skill level 10 in Hexes
  1083 | D        | Reached **** piety under Dithmenos
  1083 | D        | Reached skill level 5 in Conjurations
  1134 | D        | Killed a yaktaur
  1229 | D        | Noticed Dowan
  1230 | D        | Noticed Duvessa
  1233 | D        | Killed Dowan
  1233 | D        | Reached skill level 10 in Spellcasting
  1233 | D        | Reached XP level 10. HP: 55/55 MP: 23/25
  1271 | D        | Killed Duvessa
  1300 | D        | Reached ***** piety under Dithmenos
  1322 | D        | Reached skill level 15 in Stealth
  1407 | D        | Noticed a spiny frog
  1407 | D        | Noticed a spiny frog
  1411 | D        | Killed a spiny frog
  1418 | D        | Killed a spiny frog
  1507 | D        | Reached skill level 15 in Short Blades
  1641 | D        | Noticed a lindwurm
  1644 | D        | Killed a lindwurm
  1646 | D        | Reached ****** piety under Dithmenos
  1652 | D        | Noticed Urug
  1654 | D        | Killed Urug
  1654 | D        | Reached XP level 11. HP: 59/59 MP: 27/27
  1658 | D        | Noticed a six-headed hydra
  1658 | D        | Noticed a seven-headed hydra
  1668 | D        | Killed a six-headed hydra
  1676 | D        | Noticed a death drake
  1681 | D        | HP: 3/60 [seven-headed hydra (7)]
  1681 | D        | Demolished by a seven-headed hydra

Skill      XL: |  1  2  3  4  5  6  7  8  9 10 11 |
---------------+----------------------------------+-----
Hexes          | 4 5 7 8 9 10 11 12 | 12.0
Fighting       | 1 2 3 4 5 6 7 8 |  8.8
Short Blades   | 4 5 7 8 10 11 13 14 15 | 15.7
Stealth        | 6 7 8 9 11 12 13 14 15 | 15.9
Spellcasting   | 4 6 7 9 10 11 | 11.6
Conjurations   | 1 4 6 8 |  8.4
Dodging        | |  3.1

Action                   |  1- 3 |  4- 6 |  7- 9 | 10-12 || total
-------------------------+-------+-------+-------+-------++-------
Melee: Dagger            |     6 |    15 |    47 |    35 ||   103
 Cast: Ensorcelled Hiber |     2 |       |     2 |       ||     4
       Confuse           |     2 |     3 |    10 |    15 ||    30
       Dazzling Spray    |       |       |     4 |       ||     4
       Mephitic Cloud    |       |       |     1 |       ||     1
  Use: Potion            |       |     1 |       |     1 ||     2
 Stab: Sleeping          |     5 |     1 |     8 |     7 ||    21
       Confused          |       |       |     6 |    10 ||    16
       Invisible         |       |       |     3 |       ||     3
       Held in net/web   |       |       |       |     1 ||     1
Armor: Robe              |       |     1 |       |     1 ||     2
Dodge: Dodged            |     2 |     7 |    18 |    16 ||    43
